 Dungeon Crawl Stone Soup version 0.17-a0-2064-g265a032 (webtiles) character file.

172 derrpe the Shooter (level 5, -21/41 HPs)
             Began as a Centaur Arcane Marksman on Oct 12, 2015.
             Was an Initiate of Okawaru.
             Demolished by an ogre
             ... wielding a +0 giant club
              (24 damage)
             ... on level 4 of the Dungeon.
             The game lasted 00:06:46 (4913 turns).

derrpe the Shooter (Centaur Arcane Marksman)        Turns: 4913, Time: 00:06:46

Health: -21/41     AC:  4    Str: 13    XL:     5   Next: 27%
Magic:  6/6        EV: 10    Int: 12    God:    Okawaru [......]
Gold:   244        SH:  0    Dex: 10    Spells: 2 memorised, 3 levels left

rFire  . . .     SeeInvis .     a - +0 shortbow
rCold  . . .     Clarity  .     c - +0 robe
rNeg   . . .     SustAt   .     (no shield)
rPois  .         Gourm    .     (no helmet)
rElec  .         Spirit   .     (no cloak)
rCorr  .         Warding  .     (no gloves)
rMut   .         Stasis   .     (no barding)
MR     .....                    (no amulet)
Stlth  +.........               (no ring)
                                (no ring)

@: very quick, not resistant to hostile enchantments, very unstealthy
A: hooves 3, deformed body, speed 2, tough skin 3
a: Renounce Religion


You were on level 4 of the Dungeon.
You worshipped Okawaru.
Okawaru was noncommittal.
You were hungry.

You visited 1 branch of the dungeon, and saw 4 of its levels.

You collected 244 gold pieces.

Inventory:

Hand Weapons
 a - a +0 shortbow (weapon)
 b - a +0 flail
Missiles
 f - 88 stones (quivered)
 r - 6 tomahawks
Armour
 c - a +0 robe (worn)
Wands
 q - a wand of fireball (6)
Scrolls
 g - a scroll of immolation {unknown}
 k - 5 scrolls of identify {unknown}
 l - 2 scrolls of amnesia {unknown}
 n - a scroll of blinking {unknown}
 p - a scroll of fear {unknown}
Potions
 j - a potion of invisibility {unknown}
 m - a potion of heal wounds {unknown}
 o - a potion of brilliance {unknown}
Books
 d - a book of Debilitation

   Spells                             Type                      Level
   a - Corona                         Hexes                        1
   b - Slow                           Hexes                        2
   c - Gell's Gravitas                Hexes/Translocation          3
   d - Inner Flame                    Hexes/Fire                   3
   e - Cause Fear                     Hexes                        4
   f - Leda's Liquefaction            Hexes/Earth                  4
Comestibles
 e - a bread ration {@e1}
 i - a royal jelly


   Skills:
 + Level 2.2 Fighting
 * Level 4.8 Bows
 + Level 2.3 Dodging
 - Level 1.0 Spellcasting
 + Level 3.5 Hexes


You had 3 spell levels left.
You knew the following spells:

 Your Spells              Type           Power        Failure   Level  Hunger
a - Corona                Hex            #......      10%         1    ##.....
b - Slow                  Hex            #.......     12%         2    ###....


Dungeon Overview and Level Annotations

Branches:
Dungeon (4/15)
 Temple: D:4-7

Altars:
Okawaru
Xom
Zin


Innate Abilities, Weirdness & Mutations

You have hooves in place of feet.
Armour fits poorly on your strangely shaped body.
You cover ground very quickly.
You have extremely tough skin (AC +3).


Message History

You are too injured to fight recklessly!
You are too injured to fight recklessly!
You are too injured to fight recklessly!
You are too injured to fight recklessly!
You are too injured to fight recklessly!
Throwing (i - inventory. (,) - cycle):
f - 90 stones (quivered)
Press: ? - help, Shift-Dir - straight line, f/p - ogre
Aim: an ogre, wielding a giant club (almost dead)
You throw a stone. The stone hits the ogre.
The ogre is almost dead.
The ogre barely misses you. The giant gecko bites you.
* * * LOW HITPOINT WARNING * * *
Throwing (i - inventory. (,) - cycle):
f - 89 stones (quivered)
Press: ? - help, Shift-Dir - straight line, f/p - ogre
Aim: an ogre, wielding a giant club (almost dead)
You throw a stone. The stone hits the ogre.
The ogre is almost dead.
The giant gecko closely misses you. The ogre hits you with a giant club!!
Ouch! That really hurt!
You die...

..........## #
.......(....## #
#.......(.....# ##
#..............#
#.
.##..............#
#.
#.#........(....#
## #.........(..#
#.........Ol##
#........@## ####
#.......## ##...
#......## ##....
##..#.### ##.....
#......###
##......
#..####...####
##....... ..
####...####
#........
####...###........
###............


You could see an ogre and a giant gecko.

Vanquished Creatures
  A scorpion (D:2)
  A worker ant (D:4)
  3 adders
  An adder skeleton (D:4)
  3 worms (D:2)
  2 giant geckos
  An orc (D:4)
  2 giant cockroaches
  4 goblins
  6 hobgoblins
  7 jackals
  7 kobolds
  2 quokkas
  3 ball pythons
  5 bats
  2 giant newts (D:3)
  A quokka skeleton (D:4)
  7 rats
58 creatures vanquished.

Notes
Turn   | Place    | Note
--------------------------------------------------------------
     0 | D:1      | derrpe the Centaur Arcane Marksman began the quest for the Orb.
     0 | D:1      | Reached XP level 1. HP: 16/16 MP: 2/2
   463 | D:1      | Reached skill level 3 in Bows
   463 | D:1      | Reached XP level 2. HP: 14/23 MP: 3/3
   583 | D:1      | Learned a level 2 spell: Slow
  1510 | D:2      | HP: 1/23 [jackal (2)]
  1512 | D:2      | Reached XP level 3. HP: 1/28 MP: 4/4
  2240 | D:2      | HP: 1/28 [poisoned by an adder]
  2479 | D:2      | Noticed a scorpion
  2493 | D:2      | Killed a scorpion
  2493 | D:2      | Reached skill level 4 in Bows
  2493 | D:2      | Reached XP level 4. HP: 12/36 MP: 5/5
  3137 | D:2      | Found an iron altar of Okawaru.
  3162 | D:2      | Became a worshipper of Warmaster Okawaru
  3441 | D:3      | Noticed an angel
  3441 | D:3      | Found a shimmering altar of Xom.
  3445 | D:3      | Found a glowing silver altar of Zin.
  3927 | D:3      | Reached XP level 5. HP: 39/41 MP: 6/6
  4898 | D:4      | Noticed an ogre
  4913 | D:4      | Demolished by an ogre

Vault maps used:
D:1:      nagdon_arrival_double_spiral
D:2:      lemuel_tele_altar
D:3:      grunt_temple_overflow_order_and_chaos_1, solitary_fountain
D:4:      first_bread, makhleb_blood_cavern_becter, uniq_pikel, uniq_grinder

Action                   |  1- 3 |  4- 6 || total
-------------------------+-------+-------++-------
Melee: Unarmed           |   100 |       ||   100
       Flail             |    15 |    95 ||   110
 Fire: Shortbow          |    63 |    20 ||    83
Throw: Stone             |    47 |    21 ||    68
       Tomahawk          |       |    32 ||    32
 Cast: Corona            |     3 |       ||     3
  Use: Potion            |     3 |       ||     3
  Eat: Chunk             |     4 |     6 ||    10
